 Dungeon Crawl Stone Soup version 0.21.1-1-g345015fe64 (webtiles) character file.

982 Naru the Magician (level 8, -14/60 HPs)
             Began as a Gnoll Wanderer on June 15, 2018.
             Was a Follower of Makhleb.
             Demolished by Menkaure (21 damage)
             ... on level 5 of the Dungeon.
             The game lasted 00:15:58 (4558 turns).

Naru the Magician (Gnoll Wanderer)                  Turns: 4558, Time: 00:15:59

Health: -14/60     AC: 11    Str: 15    XL:     8   Next: 17%
Magic:  8/19       EV: 15    Int: 15    God:    Makhleb [*.....]
Gold:   325        SH:  0    Dex: 16    Spells: 13/22 levels left

rFire    . . .     SeeInvis .   a - +3 dagger
rCold    . . .     Gourm    .   (no shield)
rNeg     . . .     Faith    .   g - +0 leather armour
rPois    .         Spirit   .   h - +1 helmet
rElec    .         Reflect  .   (no cloak)
rCorr    .         Harm     .   n - +2 pair of gloves
MR       .....                  (no boots)
Stlth    +++.......             (no amulet)
HPRegen  0.20/turn              p - +3 ring of protection
MPRegen  0.16/turn              (no ring)

@: no status effects
A: distributed training, fangs 1, strong nose
a: Renounce Religion


You were on level 5 of the Dungeon.
You worshipped Makhleb.
Makhleb was aware of your devotion.
You were hungry.

You visited 1 branch of the dungeon, and saw 5 of its levels.

You collected 325 gold pieces.

Inventory:

Hand Weapons
 a - a +3 dagger (weapon)
Missiles
 j - 58 stones (quivered)
 l - 29 arrows
Armour
 g - a +0 leather armour (worn)
 h - a +1 helmet (worn)
 n - a +2 pair of gloves (worn)
Jewellery
 c - an uncursed ring of protection from cold {unknown}
 p - a +3 ring of protection (left hand)
Wands
 u - a wand of scattershot (5)
Scrolls
 b - 2 scrolls of fear
 e - a scroll of identify
 k - 2 scrolls of magic mapping
 o - 3 scrolls of remove curse
 w - a scroll of fog {unknown}
 x - a scroll of immolation {unknown}
Potions
 i - a potion of lignification {unknown}
 m - 4 potions of curing
 r - a potion of flight {unknown}
 s - a potion of heal wounds {unknown}
 t - a potion of degeneration {unknown}
Books
 d - Sif Muna's Guide on the Rocks

   Spells                             Type                      Level
   a - Sandblast                      Earth                        1
   b - Stone Arrow                    Conjuration/Earth            3
 v - a book of Air

   Spells                             Type                      Level
   a - Shock                          Conjuration/Air              1
   b - Swiftness                      Charms/Air                   2
   c - Static Discharge               Conjuration/Air              3
   d - Airstrike                      Air                          4
   e - Lightning Bolt                 Conjuration/Air              5
Comestibles
 f - 4 rations
 z - 4 chunks of flesh


   Skills:
 + Level 4.0 Fighting
 + Level 3.0 Short Blades
 + Level 3.0 Long Blades
 + Level 3.0 Axes
 + Level 3.0 Maces & Flails
 + Level 3.0 Polearms
 + Level 5.5 Staves
 + Level 3.0 Slings
 + Level 3.0 Bows
 + Level 3.0 Crossbows
 + Level 3.0 Throwing
 + Level 3.0 Armour
 + Level 5.5 Dodging
 + Level 5.2 Stealth
 + Level 3.0 Shields
 + Level 3.0 Unarmed Combat
 + Level 7.8 Spellcasting
 + Level 2.4 Conjurations
 + Level 2.4 Hexes
 + Level 2.4 Charms
 + Level 2.4 Summonings
 + Level 2.4 Necromancy
 + Level 2.4 Translocations
 + Level 2.4 Transmutations
 + Level 2.4 Fire Magic
 + Level 2.4 Ice Magic
 + Level 2.4 Air Magic
 + Level 2.4 Earth Magic
 + Level 2.4 Poison Magic
 + Level 3.2 Invocations
 + Level 3.0 Evocations


You had 13 spell levels left.
You knew the following spells:

 Your Spells              Type           Power        Failure   Level  Hunger
a - Sandblast             Erth           ##....       5%          1    None
b - Stone Arrow           Conj/Erth      ##....       17%         3    ##.....
c - Shock                 Conj/Air       ##..         5%          1    None
d - Airstrike             Air            ##........   50%         4    ####...


Dungeon Overview and Level Annotations

Branches:
Dungeon (5/15)
 Temple: D:4-7

Altars:
Cheibriados
Fedhas
Makhleb
Qazlal

Annotations:
D:5 Menkaure


Innate Abilities, Weirdness & Mutations

Your experience applies equally to all skills.
You have very sharp teeth.
Your uncanny sense of smell can sniff out nearby items.


Message History

Menkaure casts a spell at you. Pain shoots through your body!
Menkaure hits you but does no damage. Menkaure hits you!
* * * LOW HITPOINT WARNING * * *
The centaur skeleton barely misses you. Menkaure casts a spell at you.
Pain shoots through your body!
* * * LOW HITPOINT WARNING * * *
The centaur skeleton barely misses you.
As you read the scroll labeled ZEARERACAM, it crumbles to dust.
It is a scroll of enchant weapon.
Your +2 dagger glows red for a moment.
Menkaure misses you. The centaur skeleton hits you.
* * * LOW HITPOINT WARNING * * *
As you read the scroll labeled VULUMI ALEACU, it crumbles to dust.
You feel aware of your surroundings.
You sensed 1 altar.
It was a scroll of magic mapping.
The centaur skeleton misses you. Menkaure hits you!!
You die...

########### #........@##
**********
#######'#######MZ####
*,,,,,,,,,
##...##...##...##....#
*,,,,,,,,,
#<.⌠....⌠....⌠.<#....#
*,,∆,,,,,,
##...##...##...##....#
*,,,,,,,,,
#######'#######.....#
***,*,,***
##.##,...###..#####..,,,,,,
#...#,...............,*,***
#.⌠.#,...####.####..#**,***


You could see Menkaure and a centaur skeleton.

Vanquished Creatures
  The ghost of Tali the Chopper, an amateur MiFi of Trog (D:5)
  A phantom (D:4)
  An ogre (D:4)
  A howler monkey (D:4)
  An orc priest (D:3)
  2 centaur skeletons
  2 hounds (D:4)
  6 worker ants
  An iguana (D:5)
  An orc wizard (D:4)
  2 hound skeletons
  7 adders
  An ooze (D:1)
  4 dart slugs
  4 worms
  5 leopard geckos
  4 orcs (D:3)
  4 giant cockroaches
  7 goblins
  8 hobgoblins
  12 jackals
  3 quokkas (D:2)
  6 ball pythons
  11 bats
  5 frilled lizards
  10 kobolds
  A quokka zombie (D:5)
  6 rats
117 creatures vanquished.

Notes
Turn   | Place    | Note
-------+----------+-------------------------------------------
     0 | D:1      | Naru the Gnoll Wanderer began the quest for the Orb.
     0 | D:1      | Naru set off with: a +2 dagger, a scroll of fear, a +0 quarterstaff, Sif Muna's Guide on the Rocks, a +0 robe, a ration
     0 | D:1      | Reached XP level 1. HP: 17/17 MP: 8/8
     0 | D:1      | Identified Sif Muna's Guide on the Rocks
     2 | D:1      | Learned a level 1 spell: Sandblast
   154 | D:1      | Reached XP level 2. HP: 19/23 MP: 10/10
   679 | D:1      | Reached XP level 3. HP: 28/28 MP: 6/11
  1343 | D:2      | Reached skill level 1 in Invocations
  1553 | D:2      | Reached skill level 1 in Short Blades
  1553 | D:2      | Reached skill level 1 in Long Blades
  1553 | D:2      | Reached skill level 1 in Axes
  1553 | D:2      | Reached skill level 1 in Maces & Flails
  1553 | D:2      | Reached skill level 1 in Polearms
  1553 | D:2      | Reached skill level 1 in Slings
  1553 | D:2      | Reached skill level 1 in Bows
  1553 | D:2      | Reached skill level 1 in Crossbows
  1553 | D:2      | Reached skill level 1 in Throwing
  1553 | D:2      | Reached skill level 1 in Armour
  1553 | D:2      | Reached skill level 1 in Shields
  1553 | D:2      | Reached skill level 1 in Unarmed Combat
  1553 | D:2      | Reached skill level 1 in Evocations
  1653 | D:2      | Reached XP level 4. HP: 34/34 MP: 11/13
  1849 | D:2      | Learned a level 3 spell: Stone Arrow
  2012 | D:3      | Reached skill level 1 in Conjurations
  2012 | D:3      | Reached skill level 1 in Hexes
  2012 | D:3      | Reached skill level 1 in Charms
  2012 | D:3      | Reached skill level 1 in Summonings
  2012 | D:3      | Reached skill level 1 in Necromancy
  2012 | D:3      | Reached skill level 1 in Translocations
  2012 | D:3      | Reached skill level 1 in Transmutations
  2012 | D:3      | Reached skill level 1 in Fire Magic
  2012 | D:3      | Reached skill level 1 in Ice Magic
  2012 | D:3      | Reached skill level 1 in Air Magic
  2012 | D:3      | Reached skill level 1 in Earth Magic
  2012 | D:3      | Reached skill level 1 in Poison Magic
  2019 | D:3      | Reached XP level 5. HP: 40/40 MP: 1/14
  2159 | D:3      | Found a blossoming altar of Fedhas.
  2210 | D:3      | Found a snail-covered altar of Cheibriados.
  2489 | D:3      | Found a burning altar of Makhleb.
  2570 | D:3      | Became a worshipper of Makhleb the Destroyer
  2655 | D:3      | Found a stormy altar of Qazlal.
  2936 | D:4      | Reached XP level 6. HP: 47/47 MP: 5/16
  3330 | D:4      | Reached skill level 5 in Staves
  3330 | D:4      | Reached skill level 5 in Dodging
  3398 | D:4      | Learned a level 1 spell: Shock
  3406 | D:4      | Learned a level 4 spell: Airstrike
  3528 | D:5      | Entered Level 5 of the Dungeon
  3712 | D:4      | Reached XP level 7. HP: 41/52 MP: 16/18
  3921 | D:4      | Reached * piety under Makhleb
  4111 | D:5      | Noticed Menkaure
  4190 | D:5      | Noticed Tali's ghost (amateur MiFi)
  4218 | D:5      | Killed Tali's ghost
  4218 | D:5      | Reached skill level 5 in Stealth
  4334 | D:5      | Reached XP level 8. HP: 53/60 MP: 16/19
  4558 | D:5      | Demolished by Menkaure

Skill      XL: |  1  2  3  4  5  6  7  8 |
---------------+-------------------------+-----
Invocations    | 1 2 3 |  3.2
Short Blades   | 1 2 3 |  3.0
Long Blades    | 1 2 3 |  3.0
Axes           | 1 2 3 |  3.0
Maces & Flails | 1 2 3 |  3.0
Polearms       | 1 2 3 |  3.0
Slings         | 1 2 3 |  3.0
Bows           | 1 2 3 |  3.0
Crossbows      | 1 2 3 |  3.0
Throwing       | 1 2 3 |  3.0
Armour         | 1 2 3 |  3.0
Shields        | 1 2 3 |  3.0
Unarmed Combat | 1 2 3 |  3.0
Evocations     | 1 2 3 |  3.0
Conjurations   | 1 2 |  2.4
Hexes          | 1 2 |  2.4
Charms         | 1 2 |  2.4
Summonings     | 1 2 |  2.4
Necromancy     | 1 2 |  2.4
Translocations | 1 2 |  2.4
Transmutations | 1 2 |  2.4
Fire Magic     | 1 2 |  2.4
Ice Magic      | 1 2 |  2.4
Air Magic      | 1 2 |  2.4
Earth Magic    | 1 2 |  2.4
Poison Magic   | 1 2 |  2.4
Fighting       | 3 4 |  4.0
Staves         | 5 |  5.5
Dodging        | 5 |  5.5
Stealth        | 5 |  5.2
Spellcasting   | |  7.8

Action                   |  1- 3 |  4- 6 |  7- 9 || total
-------------------------+-------+-------+-------++-------
Melee: Dagger            |    84 |   109 |    60 ||   253
       Bite              |    11 |    15 |     9 ||    35
       Punch             |       |     1 |     1 ||     2
 Cast: Sandblast         |    27 |    37 |     5 ||    69
       Stone Arrow       |       |    29 |    10 ||    39
       Shock             |       |     2 |    50 ||    52
Evoke: Wand              |       |       |     1 ||     1
  Use: Scroll            |     4 |       |     2 ||     6
 Stab: Sleeping          |     4 |     3 |       ||     7
       Distracted        |     1 |       |       ||     1
  Eat: Ration            |     1 |     2 |       ||     3
       Chunk             |       |     3 |       ||     3
Armor: Leather armour    |    27 |    42 |    22 ||    91
Dodge: Dodged            |    96 |   100 |    60 ||   256
